 Dungeon Crawl Stone Soup version 0.31-a0-23-gcbde74481b (webtiles) character file.

Game seed: 10031866026757429317

304 pk666 the Magician (level 6, 0/32 HPs)
             Began as a Deep Elf Hedge Wizard on May 14, 2023.
             Killed by nerve-wracking pain
             ... invoked by Grinder
              (14 damage)
             ... on level 3 of the Dungeon.
             The game lasted 00:06:15 (3356 turns).

pk666 the Magician (Deep Elf Hedge Wizard)          Turns: 3356, Time: 00:06:17

Health: 0/32       AC:  3    Str:  7    XL:     6   Next: 15%
Magic:  15/16      EV: 13    Int: 21    God:
Gold:   94         SH:  0    Dex: 17    Spells: 10/16 levels left

rFire   . . .        k - +3 whip of Distant Worlds {venom, Contam Dex+3 SInv}
rCold   . . .        (no shield)
rNeg    . . .        b - +0 robe
rPois   .            c - +0 hat
rElec   .            (no cloak)
rCorr   .            (no gloves)
SInv    +            h - +0 pair of boots
Will    .....        m - amulet of magic regeneration
Stlth   ++           (no ring)
HPRegen 0.25/turn    (no ring)
MPRegen 0.55/turn

%: no passive effects
@: very slightly contaminated
A: no striking features
a: no special abilities


You were on level 3 of the Dungeon.
You visited 1 branch of the dungeon, and saw 3 of its levels.

You collected 94 gold pieces.

Inventory:

Hand Weapons
 k - the +3 whip of Distant Worlds (weapon) {venom, Contam Dex+3 SInv}
   (You took it off a goblin on level 2 of the Dungeon)

   Dex:       It affects your dexterity (+3).
   SInv:      It lets you see invisible.
   Contam:    It causes magical contamination when unequipped.
Armour
 b - a +0 robe (worn)
 c - a +0 hat (worn)
 h - a +0 pair of boots (worn)
Jewellery
 m - an amulet of magic regeneration (around neck)
Scrolls
 a - a scroll of identify {unknown}
 f - 2 scrolls of blinking {unknown}
 g - a scroll of fog {unknown}
 j - a scroll of magic mapping {unknown}
 l - a scroll of poison {unknown}
 n - a scroll of immolation {unknown}
 p - a scroll of fear {unknown}
 q - a scroll of enchant armour {unknown}
Potions
 d - a potion of magic
 e - 2 potions of mutation {unknown}
 i - 2 potions of haste {unknown}
 o - a potion of berserk rage {unknown}


   Skills:
 - Level 2.4 Dodging
 - Level 2.4 Stealth
 + Level 5.5 Spellcasting
 * Level 4.2 Conjurations
 - Level 1.1 Summonings
 - Level 1.8 Translocations
 + Level 1.8 Air Magic
 * Level 3.2 Poison Magic


You had 10 spell levels left.
You knew the following spells:

 Your Spells              Type           Power      Damage    Failure   Level
a - Magic Dart            Conj           92%        1d7       1%          1
b - Blink                 Tloc           26%        N/A       7%          2
c - Mephitic Cloud        Conj/Pois/Air  18%        N/A       9%          3

Your spell library contained the following spells:

 Spells                   Type           Power      Damage    Failure   Level
 Cigotuvi's Dreadful Rot  Necr/Pois/Air  24%        N/A       8%          2
 Call Imp                 Summ           20%        N/A       10%         2
 Slow                     Hex            20%        N/A       11%         1


Dungeon Overview and Level Annotations

Branches:
Dungeon (3/15)

Altars:

Annotations:
D:3 1 transporter, Grinder; pk666's ghost, amateur DEHW


Message History

Confirm with . or Enter, or press ? or * to list all spells.
Aiming: Magic Dart (safe; 1% risk of failure)
Press: ? - help, Shift-Dir - straight line, f/p - Grinder
Aim: Grinder, carrying a wand of light (4) (moderately wounded, 100% to hit)
The magic dart hits Grinder.
Grinder is moderately wounded.
Grinder zaps a wand.
The bolt of light hits you!
You are confused.
You're too confused to cast spells.
Unknown command.
You're too confused to cast spells.
Unknown command.
You bump into the rock wall.
You feel less confused.
Casting: Magic Dart (safe; 1% risk of failure)
Confirm with . or Enter, or press ? or * to list all spells.
Aiming: Magic Dart (safe; 1% risk of failure)
Press: ? - help, Shift-Dir - straight line, f/p - Grinder
Aim: Grinder, carrying a wand of light (3) (moderately wounded, 100% to hit)
You miscast Magic Dart.
You are very lightly contaminated with residual magic.
Nothing appears to happen.
Grinder zaps a wand.
The bolt of light hits you!
You aren't carrying any items that you can evoke.
Casting: Magic Dart (safe; 1% risk of failure)
Confirm with . or Enter, or press ? or * to list all spells.
Aiming: Magic Dart (safe; 1% risk of failure)
Press: ? - help, Shift-Dir - straight line, f/p - Grinder
Aim: Grinder, carrying a wand of light (2) (moderately wounded, 100% to hit)
The magic dart hits Grinder.
Grinder is moderately wounded.
Casting: Magic Dart (safe; 1% risk of failure)
Confirm with . or Enter, or press ? or * to list all spells.
Aiming: Magic Dart (safe; 1% risk of failure)
Press: ? - help, Shift-Dir - straight line, f/p - Grinder
Aim: Grinder, carrying a wand of light (2) (moderately wounded, 100% to hit)
The magic dart hits Grinder.
Grinder is heavily wounded.
Grinder gestures at you. Pain shoots through your body!
You die...

....... #..........##
.....5. #..........##
..?.... +...........#
...5... +.......[.#.#
....... #.........#†#
..†.... #.........#..
...†...########......#####.
....)................# #.
........5.@..........# #>
.....................# ##
.!...................... #
#########........####### #
#.######.# # #.# #.# #.#
#.# #.


You could see Grinder.

Vanquished Creatures
  Sigmund (D:2)
  Terence (D:2)
  A scorpion zombie (D:2)
  An adder (D:2)
  An adder zombie (D:2)
  A worm (D:2)
  2 bats
  A bat skeleton (D:2)
  A bat zombie (D:2)
  13 endoplasms
  A giant cockroach (D:2)
  6 goblins
  6 hobgoblins
  5 jackals (D:1)
  2 quokkas (D:1)
  5 ball pythons
  A ball python zombie (D:2)
  2 frilled lizards
  A giant cockroach zombie (D:2)
  9 kobolds
  5 rats
66 creatures vanquished.

Notes
Turn   | Place    | Note
-------+----------+-------------------------------------------
     0 | D:1      | pk666 the Deep Elf Hedge Wizard began the quest for the
                  | Orb.
     0 | D:1      | Reached XP level 1. HP: 10/10 MP: 7/7
   230 | D:1      | Reached XP level 2. HP: 15/15 MP: 1/9
  1041 | D:1      | Reached XP level 3. HP: 19/19 MP: 1/11
  1044 | D:1      | Learned a level 2 spell: Blink
  1048 | D:1      | Learned a level 3 spell: Mephitic Cloud
  1908 | D:2      | Identified the +3 whip of Distant Worlds {venom, Contam
                  | Dex+3 SInv}
  1921 | D:2      | Reached skill level 1 in Poison Magic
  2049 | D:2      | Reached skill level 5 in Spellcasting
  2049 | D:2      | Reached XP level 4. HP: 22/24 MP: 3/13
  2148 | D:2      | Noticed Sigmund
  2305 | D:2      | Noticed Terence
  2323 | D:2      | Killed Terence
  2324 | D:2      | Reached skill level 1 in Air Magic
  2945 | D:2      | Killed Sigmund
  2946 | D:2      | Reached XP level 5. HP: 25/28 MP: 9/15
  2946 | D:2      | Reached XP level 6. HP: 29/32 MP: 9/16
  3039 | D:3      | Found a transporter.
  3043 | D:3      | Noticed pk666's ghost (amateur DEHW)
  3242 | D:3      | Found a faded altar of an unknown god.
  3333 | D:3      | Noticed Grinder
  3356 | D:3      | Killed from afar by Grinder

Illustrated notes

Levels and vault maps discovered:
D:1:      dpeg_arrival_rhombus, layout_basic, minmay_misc_feat_columns
D:2:      layout_basic, serial_undead, serial_undead_d, serial_undead_b,
          serial_undead_f, serial_undead_d, serial_undead_c, serial_undead_c,
          uniq_sigmund, uniq_terence
D:3:      layout_basic, gammafunk_ghost_mausoleum,
          shapermc_ecumenical_altar_petra, kennysheep_generic_room_15,
          uniq_grinder

Skill      XL: |  1  2  3  4 |
---------------+-------------+-----
Conjurations   | 2 3 4 |  4.2
Poison Magic   | 1 3 |  3.2
Spellcasting   | 5 |  5.5
Air Magic      | 1 |  1.8
Dodging        | |  2.4
Stealth        | |  2.4
Summonings     | |  1.1
Translocations | |  1.8

Action                     |  1- 3 |  4- 6 || total
---------------------------+-------+-------++-------
  Melee: Dagger            |     4 |       ||     4
         Whip              |       |     4 ||     4
   Cast: Magic Dart        |   119 |    89 ||   208
         Mephitic Cloud    |       |     2 ||     2
 Armour: Robe              |     3 |       ||     3
  Dodge: Dodged            |    10 |       ||    10

Table legend: (Time is in decaauts)
 A = Elapsed time spent in this place.
 B = Non-inter-level travel time spent in this place.
 C = Inter-level travel time spent in this place.
 D = Time resting spent in this place.
 E = Time spent auto-exploring this place.
 F = Levels seen in this place.
 G = Mean time per level.
                   A        B        C        D        E       F      G
               +--------+--------+--------+--------+--------+-----+--------+
         Total |   3356 |   3295 |     61 |    390 |   2479 |   3 | 1118.7 |
       Dungeon |   3356 |   3295 |     61 |    390 |   2479 |   3 | 1118.7 |
               +--------+--------+--------+--------+--------+-----+--------+

Top non-repeatable levels by time:
     D:1: 1630 daAuts
     D:2: 1335 daAuts
     D:3: 390 daAuts
